 Dungeon Crawl Stone Soup version 0.30-a0-311-gf115ab0292 (webtiles) character file.

Game seed: 5885707580111034546

1673 Harunobu the Fighter (level 8, -2/75 HPs)
             Began as a Minotaur Monk on Oct 25, 2022.
             Was an Elder of Okawaru.
             Killed from afar by a steam dragon (22 damage)
             ... with a ball of steam
             ... on level 6 of the Dungeon.
             The game lasted 00:08:08 (5963 turns).

Harunobu the Fighter (Minotaur Monk)                Turns: 5963, Time: 00:08:09

Health: -2/75      AC: 10    Str: 17    XL:     8   Next: 70%
Magic:  7/7        EV: 12    Int:  7    God:    Okawaru [****..]
Gold:   382        SH:  0    Dex: 14    Spells: 7/7 levels left

rFire   x . .      SeeInvis +    o - +2 trident (vorpal)
rCold   + . .      Faith    +    (no shield)
rNeg    . . .      Spirit   .    k - +0 scale mail
rPois   .          Reflect  .    (helmet restricted)
rElec   .          Harm     .    (no cloak)
rCorr   .          Rampage  .    i - +0 pair of gloves
Will    .....                    a - +2 pair of boots
Stlth   ++........               m - amulet of faith
HPRegen 0.32/turn                t - ring of ice
MPRegen 0.10/turn                u - ring of see invisible

@: no status effects
A: horns 2, retaliatory headbutt
a: Renounce Religion, Heroism, Finesse


You were on level 6 of the Dungeon.
You worshipped Okawaru.
Okawaru was greatly pleased with you.
You visited 2 branches of the dungeon, and saw 7 of its levels.

You collected 382 gold pieces.

Inventory:

Hand Weapons
 f - a +0 vampiric dagger
 o - a +2 vorpal trident (weapon)
Missiles
 B - a throwing net (quivered)
Armour
 a - a +2 pair of boots (worn)
 i - a +0 pair of gloves (worn)
 k - a +0 scale mail (worn)
Jewellery
 m - an amulet of faith (around neck)
 t - a ring of ice (left hand)
 u - a ring of see invisible (right hand)
Wands
 n - a wand of flame (13)
 w - a wand of digging (7)
Scrolls
 b - 2 scrolls of identify
 d - 3 scrolls of teleportation {unknown}
 g - 3 scrolls of immolation
 h - a scroll of noise {unknown}
 l - a scroll of amnesia
 p - a scroll of fear {unknown}
 s - a scroll of blinking {unknown}
 v - 2 scrolls of enchant armour {unknown}
 y - a scroll of enchant weapon {unknown}
 E - a scroll of poison {unknown}
Potions
 c - a potion of ambrosia
 e - 3 potions of brilliance
 j - 2 potions of flight
 q - a potion of haste {unknown}
 r - a potion of heal wounds
 x - a potion of curing {unknown}
 z - a potion of might {unknown}
 A - a potion of resistance {unknown}
 C - a potion of berserk rage {unknown}
 D - a potion of magic {unknown}


   Skills:
 + Level 8.5 Fighting
 - Level 3.6 Maces & Flails
 + Level 7.8 Dodging
 + Level 6.0 Stealth


You had 7 spell levels left.
You didn't know any spells.
Your spell library contained the following spells:

 Spells                   Type           Power      Damage    Failure   Level
 Apportation              Tloc           0%         N/A       86%         1
 Necrotise                Necr           0%         1d4       86%         1
 Portal Projectile        Hex/Tloc       0%         N/A       99%         3
 Vhi's Electric Charge    Tloc/Air       0%         N/A       99%         3
 Leda's Liquefaction      Hex/Erth       0%         N/A       100%        4
 Arcjolt                  Conj/Air       0%         1d10      100%        5
 Maxwell's Capacitive Co  Air            0%         ∞         100%        8
 Summon Small Mammal      Summ           Unusable   N/A       N/A         1
 Call Canine Familiar     Summ           Unusable   N/A       N/A         3
 Animate Dead             Necr           Unusable   N/A       N/A         4
 Haunt                    Necr/Summ      Unusable   N/A       N/A         7
 Infestation              Necr           Unusable   N/A       N/A         8

Dungeon Overview and Level Annotations

Branches:
Dungeon (6/15)             Temple (1/1) D:4

Altars:
Ashenzari
Dithmenos
Makhleb
Okawaru
Ru
Uskayaw
Vehumet
Wu Jian
Xom
Yredelemnul
Zin
The Shining One


Innate Abilities, Weirdness & Mutations

You have a pair of horns on your head.
You reflexively headbutt those who attack you in melee.


Message History

The white imp gestures at you. The puff of frost misses you.
You puncture the white imp!
You kill the white imp!
Okawaru accepts your kill. The steam dragon bites you!
The steam dragon misses you. The steam dragon bites you.
The steam dragon misses you.
You closely miss the steam dragon. The steam dragon barely misses you.
The steam dragon claws you.
* * * LOW HITPOINT WARNING * * *
You hit the steam dragon.
The steam dragon is lightly wounded.
The steam dragon breathes steam at you. The ball of steam hits you!
The steam scalds you terribly!
* * * LOW HITPOINT WARNING * * *
You feel much better. The steam dragon barely misses you.
The steam dragon misses you.
You barely miss the steam dragon. Your headbutt misses the steam dragon.
The steam dragon is lightly wounded.
The steam dragon bites you but does no damage.
The steam dragon claws you but does no damage.
The steam dragon bites you. The steam dragon claws you.
You closely miss the steam dragon.
The steam dragon is lightly wounded.
The steam dragon bites you but does no damage.
The steam dragon claws you but does no damage.
You puncture the steam dragon!
The steam dragon is moderately wounded.
The steam dragon bites you but does no damage.
The steam dragon misses you.
You puncture the steam dragon!
The steam dragon is severely wounded.
The steam dragon bites you.
* * * LOW HITPOINT WARNING * * *
The steam dragon barely misses you.
You puncture the steam dragon! You headbutt the steam dragon.
The steam dragon is almost dead.
The steam dragon breathes steam at you. The ball of steam hits you!!
The steam scalds you terribly!
You die...

....)..###...#...................
.......# #.###...................
.......###...#...................
...####..#.#.#.....##.§....###...
......#..#)..#........§..........
......#..'.#/#.............##....
......#..#...#..............'..>.
##....#..#.#.#..............#....
#....#..#...#..@...........#...#
#....####.###.D........###.#...#
#....# #...#..........# #.#...#
#....# #.#.#.......#### #.#...#
#....# #...#.......# #.#...#
####.# #.#(#.......# #.#...#
#.####...######### #####
#....#.#.# ####.#...#


You could see a steam dragon (catching breath).

Vanquished Creatures
  Grinder (D:3)
  An orc warrior (D:6)
  A black bear (D:6)
  A centaur (D:6)
  A phantom (D:5)
  A bullfrog (D:6)
  A scorpion (D:6)
  5 wights (D:6)
  2 orc priests
  5 hounds
  2 jellies
  Jessica (D:3)
  8 iguanas
  Terence (D:2)
  A gnoll (D:6)
  6 adders
  2 shadow imps
  3 white imps (D:6)
  An ufetubus (D:4)
  3 worms
  A dart slug (D:1)
  12 orcs
  7 endoplasms
  5 giant cockroaches
  6 goblins
  6 hobgoblins
  8 jackals
  9 kobolds
  5 quokkas
  11 ball pythons
  2 bats
  6 frilled lizards
  6 rats
131 creatures vanquished.

Notes
Turn   | Place    | Note
-------+----------+-------------------------------------------
     0 | D:1      | Harunobu the Minotaur Monk began the quest for the Orb.
     0 | D:1      | Reached XP level 1. HP: 19/19 MP: 0/0
    22 | D:1      | Found a faded altar of an unknown god.
   142 | D:1      | Reached XP level 2. HP: 23/27 MP: 1/1
   183 | D:1      | Reached skill level 4 in Fighting
   286 | D:1      | You fall into a shaft and drop 1 floor!
   360 | D:2      | Reached XP level 3. HP: 22/33 MP: 2/2
   615 | D:2      | Found Vatishri's General Store.
   790 | D:2      | Noticed Terence
   794 | D:2      | Killed Terence
   795 | D:2      | Reached XP level 4. HP: 22/41 MP: 3/3
  1888 | D:3      | Noticed Grinder
  1892 | D:3      | Paralysed by Grinder for 4 turns
  2404 | D:3      | Noticed Jessica
  2417 | D:3      | Killed Jessica
  2418 | D:3      | Reached skill level 5 in Fighting
  2418 | D:3      | Reached XP level 5. HP: 48/48 MP: 4/4
  2493 | D:3      | Paralysed by Grinder for 3 turns
  2501 | D:3      | Killed Grinder
  2502 | D:3      | Reached skill level 5 in Dodging
  2502 | D:3      | Reached XP level 6. HP: 57/57 MP: 5/5
  2846 | D:4      | Reached skill level 6 in Fighting
  3185 | D:4      | Found a staircase to the Ecumenical Temple.
  3194 | Temple   | Entered the Ecumenical Temple
  3210 | Temple   | Became a worshipper of Warmaster Okawaru
  3210 | Temple   | Reached * piety under Okawaru
  3210 | Temple   | Reached ** piety under Okawaru
  3827 | D:4      | Found an ornate altar of the Wu Jian Council.
  3859 | D:5      | Entered Level 5 of the Dungeon
  3993 | D:5      | Reached XP level 7. HP: 47/63 MP: 6/6
  4545 | D:5      | Found a hide-covered altar of Uskayaw.
  4811 | D:6      | Reached skill level 7 in Fighting
  4817 | D:6      | Reached *** piety under Okawaru
  4973 | D:6      | Reached skill level 5 in Stealth
  5040 | D:6      | Reached XP level 8. HP: 57/71 MP: 7/7
  5315 | D:6      | Reached skill level 8 in Fighting
  5375 | D:6      | Reached **** piety under Okawaru
  5963 | D:6      | Killed from afar by a steam dragon

Illustrated notes

Levels and vault maps discovered:
D:1:      dpeg_arrival_rooms_b, layout_rooms,
          hellmonk_ecumenical_altar_pennies_from_heaven, minmay_small_reverse_x
D:2:      layout_loops_cross, serial_shops, shop, kennysheep_boxes, uniq_terence
D:3:      layout_basic, serial_corexii_hall, corexii_hall_statues_x,
          corexii_hall_statues_l, uniq_jessica, uniq_grinder
D:4:      cheibrodos_helix_gallery, layout_layer_cave, lemuel_round_altar,
          minmay_temple_entry_statues_fountains
D:5:      layout_gridville, old_standard_altar
D:6:      layout_basic, hangedman_minor_gate_pass
Temple:   hellmonk_temple_micro_hex

Skill      XL: |  1  2  3  4  5  6  7  8 |
---------------+-------------------------+-----
Stealth        | 2 3 4 5 6 |  6.0
Fighting       | 4 5 6 7 8 |  8.5
Dodging        | 4 5 6 7 |  7.8
Maces & Flails | |  3.6

Action                   |  1- 3 |  4- 6 |  7- 9 || total
-------------------------+-------+-------+-------++-------
Melee: Mace              |    75 |       |       ||    75
       Headbutt          |    11 |    13 |    27 ||    51
       Trident           |       |   110 |   121 ||   231
       Punch             |       |     1 |     3 ||     4
Invok: Heroism           |       |       |     1 ||     1
  Use: Scroll            |       |       |     6 ||     6
       Potion            |       |       |     2 ||     2
 Stab: Sleeping          |     1 |       |       ||     1
Armor: Robe              |    14 |       |       ||    14
       Scale mail        |     9 |    69 |    70 ||   148
Dodge: Dodged            |    59 |    79 |   123 ||   261

Table legend: (Time is in decaauts)
 A = Elapsed time spent in this place.
 B = Non-inter-level travel time spent in this place.
 C = Inter-level travel time spent in this place.
 D = Time resting spent in this place.
 E = Time spent auto-exploring this place.
 F = Levels seen in this place.
 G = Mean time per level.
                   A        B        C        D        E       F      G
               +--------+--------+--------+--------+--------+-----+--------+
         Total |   6049 |   5806 |    243 |   1275 |   3306 |   7 |  864.1 |
       Dungeon |   6028 |   5789 |    239 |   1275 |   3306 |   6 | 1004.7 |
        Temple |     20 |     16 |      4 |      0 |      0 |   1 |   20.0 |
               +--------+--------+--------+--------+--------+-----+--------+

Top non-repeatable levels by time:
     D:2: 1134 daAuts
     D:6: 1113 daAuts
     D:4: 1076 daAuts
     D:5: 1029 daAuts
     D:1: 862 daAuts
     D:3: 811 daAuts
  Temple: 20 daAuts
